 Dungeon Crawl Stone Soup version 0.29.0-10-g45618ea6d2 (webtiles) character file.

Game seed: 10864527699490845086

183 NotreDorf the Poker (level 5, -2/64 HPs)
             Began as a Merfolk Berserker on Sept 1, 2022.
             Was a Believer of Trog.
             Slain by an ogre
             ... wielding a +0 giant spiked club
              (8 damage)
             ... on level 3 of the Dungeon.
             The game lasted 00:08:29 (3296 turns).

NotreDorf the Poker (Merfolk Berserker)             Turns: 3296, Time: 00:08:30

Health: -2/64      AC:  2    Str: 19    XL:     5   Next: 62%
Magic:  5/5        EV: 13    Int:  7    God:    Trog [**....]
Gold:   71         SH:  0    Dex: 13    Spells: 4/4 levels left

rFire   . . .      SeeInvis .   k - +0 trident
rCold   + . .      Faith    .   (no shield)
rNeg    . . .      Spirit   .   b - +0 animal skin
rPois   .          Reflect  .   (no helmet)
rElec   .          Harm     .   (no cloak)
rCorr   .          Rampage  .   (no gloves)
Will    .....                   (no boots)
Stlth   ..........              (no amulet)
HPRegen 0.20/turn               g - ring of protection from cold
MPRegen 0.09/turn               (no ring)

@: berserking, very quick
A: (nimble swimmer 2), mertail
a: Renounce Religion, Berserk, Trog's Hand


You were on level 3 of the Dungeon.
You worshipped Trog.
Trog was pleased with you.
You visited 1 branch of the dungeon, and saw 3 of its levels.

You collected 71 gold pieces.

Inventory:

Hand Weapons
 k - a +0 trident (weapon)
Armour
 b - a +0 animal skin (worn)
Jewellery
 g - a ring of protection from cold (left hand)
Scrolls
 a - a scroll of blinking {unknown}
 c - a scroll of enchant armour {unknown}
 d - a scroll of amnesia {unknown}
 e - 3 scrolls of identify {unknown}
Potions
 f - a potion of heal wounds {unknown}
 i - 2 potions of might
 j - a potion of lignification {unknown}


   Skills:
 + Level 4.6 Fighting
 + Level 5.7 Polearms
 - Level 1.3 Armour
 + Level 4.8 Dodging


You had 4 spell levels left.
You didn't know any spells.
Your spell library was empty.

Dungeon Overview and Level Annotations

Branches:
Dungeon (3/15)

Altars:


Innate Abilities, Weirdness & Mutations

((You are very nimble when in or above water. (Stealth+, EV+, Speed+++)))
Your lower body shifts to a powerful aquatic tail in water.


Message History

The bat is moderately wounded.
The bat closely misses you.
You miss the bat.
The bat is moderately wounded.
The bat hits you. The bat closely misses you.
You reach to attack!
You puncture the bat!
You kill the bat!
Trog accepts your kill.
You see here a bat corpse.
Found a stone staircase leading down.
A bat comes into view.
The bat hits you but does no damage.
You hit the bat but do no damage. The bat closely misses you.
The bat hits you but does no damage.
You hit the bat.
You kill the bat!
Trog accepts your kill.
You see here a bat corpse.
Found 3 silver javelins.
A hobgoblin comes into view.
Found a scroll labelled CEIBIS VOARCH.
An ogre comes into view. It is wielding a +0 giant spiked club.
The ogre shouts!
You reach to attack!
You hit the hobgoblin but do no damage. You puncture the hobgoblin!
You kill the hobgoblin!
Trog accepts your kill.
The ogre hits you with a +0 giant spiked club!
You hit the ogre.
The ogre is lightly wounded.
A red film seems to cover your vision as you go berserk!
You feel yourself moving faster!
You feel mighty!
The ogre hits you with a +0 giant spiked club!!
Ouch! That really hurt!
* * * LOW HITPOINT WARNING * * *
You puncture the ogre!
The ogre is heavily wounded.
The ogre hits you with a +0 giant spiked club!
You die...

##......##†...#...#...#
##..........##...#...#..
#..........###.#...#...#
#..........# #...#...#..
#..........# #.#...#...#
#..........# ....#...#..
#..........# ..# ..#...#
#........###... #...#..
#.....@........ #...#
#.....O.(....#.# ..#..
#............# ##...
#............# #...
#.?........### #...
#..........# ####
##.......... #.#####
##......##.. #......
#####.#


You could see an ogre.

Vanquished Creatures
  Natasha (thrice) (D:2)
  A gnoll (D:1)
  3 adders (D:2)
  5 orcs (D:3)
  3 ball pythons
  4 endoplasms
  3 giant cockroaches
  4 hobgoblins
  12 jackals (D:1)
  2 quokkas (D:2)
  5 bats
  9 frilled lizards
  3 goblins
  3 kobolds
  6 rats
66 creatures vanquished.

Notes
Turn   | Place    | Note
-------+----------+-------------------------------------------
     0 | D:1      | NotreDorf the Merfolk Berserker began the quest for the
                  | Orb.
     0 | D:1      | Reached XP level 1. HP: 18/18 MP: 1/1
    74 | D:1      | Reached XP level 2. HP: 8/24 MP: 2/2
   556 | D:1      | You fall into a shaft and drop 1 floor!
   620 | D:2      | Reached XP level 3. HP: 12/30 MP: 3/3
  1095 | D:1      | Reached ** piety under Trog
  1154 | D:1      | Found a faded altar of an unknown god.
  1482 | D:2      | Reached XP level 4. HP: 8/37 MP: 4/4
  1774 | D:2      | Reached skill level 5 in Polearms
  2217 | D:2      | Noticed Natasha
  2226 | D:2      | Killed Natasha
  2227 | D:2      | Reached XP level 5. HP: 28/43 MP: 5/5
  2481 | D:2      | Noticed Natasha
  2495 | D:2      | Killed Natasha
  2718 | D:2      | Noticed Natasha
  2734 | D:2      | Killed Natasha
  3289 | D:3      | Noticed an ogre
  3296 | D:3      | Slain by an ogre

Illustrated notes

Levels and vault maps discovered:
D:1:      heliophobic_arrival_ceremonial_halls, layout_basic,
          shapermc_ecumenical_altar_mp_ritualfount, grunt_decor_cap
D:2:      layout_rooms, uniq_natasha
D:3:      layout_rooms, dreamdust_princess_bridge,
          hangedman_abyss_or_decor_stabs, minivault_25, hex_medium

Skill      XL: |  1  2  3  4 |
---------------+-------------+-----
Dodging        | 3 4 |  4.8
Fighting       | 4 |  4.6
Polearms       | 5 |  5.7
Armour         | |  1.3

Action                   |  1- 3 |  4- 6 || total
-------------------------+-------+-------++-------
Melee: Spear             |   150 |   117 ||   267
       Punch             |     1 |     1 ||     2
       Trident           |       |    13 ||    13
       Tailslap          |       |     2 ||     2
Invok: Berserk           |       |     1 ||     1
 Stab: Sleeping          |       |     2 ||     2
Armor: Animal skin       |    24 |    14 ||    38
Dodge: Dodged            |   105 |    46 ||   151
